 Dungeon Crawl Stone Soup version 0.18.1-48-g4cf74bf (webtiles) character file.

54 atgrul the Conjurer (level 3, 0/26 HPs)
             Began as a Draconian Conjurer on July 9, 2016.
             Killed from afar by a white imp (4 damage)
             ... with a puff of frost
             ... summoned by Natasha
             ... on level 2 of the Dungeon.
             The game lasted 00:07:05 (1611 turns).

atgrul the Conjurer (Draconian Conjurer)            Turns: 1611, Time: 00:07:05

Health: 0/26       AC:  5    Str: 10    XL:     3   Next: 66%
Magic:  2/6        EV: 12    Int: 16    God:
Gold:   69         SH:  0    Dex: 11    Spells: 1 memorised, 5 levels left

rFire  . . .     SeeInvis .     d - +0 club
rCold  . . .     Gourm    +     (armour unavailable)
rNeg   . . .     Faith    .     (no shield)
rPois  .         Spirit   .     (helmet restricted)
rElec  .         Dismiss  .     (no cloak)
rCorr  .         Reflect  .     (no gloves)
SustAt .         Harm     .     (no boots)
MR     .....                    i - amulet of the gourmand
Stlth  ++........               (no ring)
                                (no ring)

@: slowed, very slow, not resistant to hostile enchantments, unstealthy
A: unfitting armour, cold-blooded, AC +5
a: no special abilities


You were on level 2 of the Dungeon.
You were not hungry.

You visited 1 branch of the dungeon, and saw 2 of its levels.

You collected 69 gold pieces.

Inventory:

Hand Weapons
 d - a +0 club (weapon)
Jewellery
 i - an amulet of the gourmand (around neck)
Scrolls
 e - a scroll of remove curse {unknown}
 f - a scroll of fog {unknown}
 h - 2 scrolls of magic mapping {unknown}
 j - a scroll of teleportation {unknown}
Potions
 c - a potion of haste
 g - a potion of curing
 l - a potion of resistance
Books
 a - a book of Conjurations

   Spells                             Type                      Level
   a - Magic Dart                     Conjuration                  1
   b - Searing Ray                    Conjuration                  2
   c - Dazzling Spray                 Conjuration/Hexes            3
   d - Fulminant Prism                Conjuration/Hexes            4
   e - Iskenderun's Mystic Blast      Conjuration                  4
   f - Iskenderun's Battlesphere      Conjuration/Charms           5
Comestibles
 b - a bread ration
 k - a meat ration


   Skills:
 + Level 0.2 Maces & Flails
 - Level 1.7 Dodging
 - Level 1.7 Stealth
 - Level 2.0 Spellcasting
 + Level 5.3 Conjurations


You had 5 spell levels left.
You knew the following spells:

 Your Spells              Type           Power        Failure   Level  Hunger
a - Magic Dart            Conj           ###.         2%          1    #......


Dungeon Overview and Level Annotations

Branches:
Dungeon (2/15)

Altars:
Pakellas

Annotations:
D:2 Natasha, Terence


Innate Abilities, Weirdness & Mutations

Your plain brown scales are hard (AC +5).
Your body does not fit into most forms of armour.
You are cold-blooded and may be slowed by cold attacks.


Message History

Natasha claws you.
You closely miss Natasha.
Natasha is lightly wounded.
Natasha claws you!
* * * LOW HITPOINT WARNING * * *
Natasha completely misses you.
You are too injured to fight recklessly!
Natasha casts a spell at you. You resist with significant effort.
Natasha casts a spell at you. The magic dart hits you!
* * * LOW HITPOINT WARNING * * *
Natasha growls.
Natasha casts a spell.
Natasha extends her claws.
Natasha barely misses you. The white imp closely misses you.
Natasha completely misses you. The white imp gestures at you.
The puff of frost hits you!
You die...

..#...####...#.......#.####.#####
................>....#.# #.....#
#.#.#..#.#...........#.# #####.#
#[.....#+#...##.....##.########'#
##...÷.........#.................
.#...÷.........#.###.............
.............#......(............
##................#..............
#............###@......).........
...............#5##.........#####
...######.......h.....#######
......###.............#####
......##..................#
......##................(.#
.##....#...#...#.####.....#
.......#...##..#.# ##......
.......######..#.# ......


You could see Natasha and a white imp.

Vanquished Creatures
  A worm (D:2)
  A dart slug (D:2)
  10 goblins
  4 hobgoblins
  5 jackals
  6 kobolds
  A ball python (D:1)
  7 bats
  2 giant newts (D:2)
  8 rats
45 creatures vanquished.

Notes
Turn   | Place    | Note
--------------------------------------------------------------
     0 | D:1      | atgrul the Draconian Conjurer began the quest for the Orb.
     0 | D:1      | Reached XP level 1. HP: 14/14 MP: 3/3
   174 | D:1      | Reached XP level 2. HP: 20/20 MP: 3/5
   964 | D:2      | Noticed Terence
  1082 | D:2      | Found an oddly glowing altar of Pakellas.
  1085 | D:2      | Reached skill level 5 in Conjurations
  1086 | D:2      | Reached XP level 3. HP: 26/26 MP: 1/6
  1595 | D:2      | Noticed Natasha
  1611 | D:2      | Killed from afar by a white imp

Skill      XL: |  1  2 |
---------------+-------+-----
Conjurations   | 5 |  5.3
Maces & Flails | |  0.2
Dodging        | |  1.7
Stealth        | |  1.7
Spellcasting   | |  2.0

Action                   || total
-------------------------++-------
Melee: Club              ||    52
       Tailslap          ||     6
       Unarmed           ||     1
 Cast: Magic Dart        ||    60
  Use: Scroll            ||     4
 Stab: Sleeping          ||     1
  Eat: Chunk             ||     7
Armor: Skin              ||    17
Dodge: Dodged            ||    48
